 Dungeon Sprint DCSS version 0.31.0-32-g396128a36d (webtiles) character file.

Game seed: 12548494312027083427

13600000 James the Axe Maniac (level 27, -21/186 (228) HPs)
             Began as a Djinni Warper on Mar 16, 2024.
             Was the Champion of Makhleb.
             Killed from afar by a wretched soul (136 damage)
             ... with a bolt of negative energy
             ... in the Dungeon (Sprint VIII: "Arena of Blood").
             The game lasted 00:09:54 (136 turns).

James the Axe Maniac (Djinni Warper)                 Turns: 136, Time: 00:09:54

HP:   -21/186 (228) AC:  6    Str: 18    XL:     27
Gold: 0             EV: 29    Int: 17    God:    Makhleb [******] SH:  0 Dex: 17

rFire   + + .        i - +∞ Axe of Woe
rCold   x . .        (shield currently unavailable)
rNeg    . . .        b - +0 leather armour
rPois   ∞            (no helmet)
rElec   .            (no cloak)
rCorr   .            (no gloves)
SInv    .            (boots unavailable)
Will    ++...        (no amulet)
Stlth   +++++++++    j - +30 ring of slaying
HPRegen 0.51/turn    l - +200 ring of slaying
MPRegen 0.00/turn

%: no teleportation, infuse magic (-22 HP)
@: flying, heavily drained
A: sickness immunity, fire resistance 2, cold vulnerability 1, float, innate
caster, HP casting, extra vitality 1
a: Renounce Religion, Minor Destruction, Lesser Servant of Makhleb, Major
Destruction, Greater Servant of Makhleb


You were in the Dungeon.
You worshipped Makhleb.
Makhleb was exalted by your worship.
You visited 1 branch

Inventory:

Hand Weapons
 a - a +0 hand axe
 i - the +∞ Axe of Woe (weapon)
   (You found it in the Dungeon)
Missiles
 d - 7 darts of dispersal (quivered) {!f}
Armour
 b - a +0 leather armour (worn)
Jewellery
 j - a +30 ring of slaying (left hand)
   (You took it off an orc in the Dungeon)
 k - a +30 ring of slaying
   (You took it off an orc in the Dungeon)
 l - a +200 ring of slaying (right hand)
   (You took it off a vampire knight in the Dungeon)
 m - a +250 ring of slaying
   (You took it off a skeletal warrior in the Dungeon)
Scrolls
 c - 2 scrolls of blinking
Potions
 e - a potion of curing {@q1}
 f - a potion of heal wounds {@q2}
 g - a potion of haste {@q3}
 h - a potion of berserk rage


   Skills:
 O Level 27 Fighting
 O Level 27 Short Blades
 O Level 27 Long Blades
 O Level 27 Axes
 O Level 27 Maces & Flails
 O Level 27 Polearms
 O Level 27 Staves
 O Level 27 Ranged Weapons
 O Level 27 Throwing
 O Level 27 Armour
 O Level 27 Dodging
 O Level 27 Stealth
 O Level 27 Shields
 O Level 27 Unarmed Combat
 O Level 27 Spellcasting
 O Level 27 Conjurations
 O Level 27 Hexes
   Level 0.0 Charms
 O Level 27 Summonings
 O Level 27 Necromancy
 O Level 27 Translocations
   Level 0.0 Transmutations
 O Level 27 Fire Magic
 O Level 27 Ice Magic
 O Level 27 Air Magic
 O Level 27 Earth Magic
 O Level 27 Alchemy
 O Level 27 Invocations
 O Level 27 Evocations
 O Level 27 Shapeshifting


You knew the following spells:

 Your Spells              Type           Power      Damage    Failure   Level
a - Lesser Beckoning      Tloc           100%       N/A       0%          2
b - Blink                 Tloc           100%       N/A       0%          2
c - Teleport Other        Tloc           86%        N/A       0%          3
d - Manifold Assault      Tloc           86%        N/A       0%          4
e - Vhi's Electric Charg  Tloc/Air       100%       N/A       0%          4
f - Freeze                Ice            100%       1d10      0%          1
g - Inner Flame           Hex/Fire       86%        N/A       0%          3
h - Ozocubu's Armour      Ice            86%        N/A       0%          3
i - Iskenderun's Battles  Conj           86%        2d13      0%          5
j - Borgnjor's Vile Clut  Necr/Erth      43%        N/A       0%          5
k - Sculpt Simulacrum     Ice/Alch       43%        N/A       0%          6
l - Enfeeble              Hex            43%        N/A       1%          7
m - Dispersal             Tloc           43%        N/A       0%          6
n - Discord               Hex            43%        N/A       1%          8
o - Monstrous Menagerie   Summ           43%        N/A       1%          7
p - Infestation           Necr           43%        N/A       1%          8
q - Chain Lightning       Conj/Air       43%        3d57      2%          9
x - Ensorcelled Hibernat  Hex/Ice        100%       N/A       0%          2
Your spell library was empty.

Dungeon Overview and Level Annotations

Branches:
Dungeon (1/1)

Altars:
Makhleb


Innate Abilities, Weirdness & Mutations

You are immune to sickness and miasma.
You are immune to poison.
Your flesh is very heat resistant. (rF++)
You are vulnerable to cold. (rC-)
You float through the air rather than walking.
You learn spells naturally, not from books.
Your magical power is your life essence.
You have superior vitality. (+4 MHP)


Message History

You pulverise the accursed into a thin bloody mist.
You destroy the accursed!
Makhleb accepts your kill.
You carve the meat beast like a ham!!!!!
You pulverise the meat beast into a thin bloody mist.
You kill the meat beast!
Makhleb accepts your kill.
You slice the bag of meat like a ripe choko!!!!!
You chop the bag of meat into pieces.
You kill the bag of meat!
Makhleb accepts your kill.
You feel extremely nervous for a moment...
You are engulfed in negative energy!
You feel drained.
The meat berserker rages.
A meat beast comes into view.
The tyrant gestures wildly while chanting.
Your life force feels restored.
The meat beast bellows!
You slice the tyrant like a ripe choko!!!
You hew the tyrant violently.
You destroy the tyrant!
Makhleb accepts your kill.
The large abomination disappears in a puff of smoke! x3
The tentacled monstrosity disappears in a puff of smoke!
You cut something into ribbons!!!!!
You pulverise something into a thin bloody mist.
Makhleb accepts your kill.
You feel better.
Reactivating autopickup.
You feel a bit more experienced.
You open something like a pillowcase!!!!
You hew something violently.
Makhleb accepts your kill.
You feel better.
You feel a bit more experienced.
You hear two shouts!
You hear a shout!
An eight-headed meat hydra comes into view.
You hear a shout!
m - a +250 ring of slaying A fleshlord comes into view.
It is wielding a +9 great mace.
A bag of meat comes into view. It is wielding a +9 war axe.
The eight-headed meat hydra calls on the powers of darkness!
The eight-headed meat hydra convulses!
The fleshlord convulses! x2
The meat berserker convulses!
Your body is wracked with pain!
An eight-headed meat hydra comes into view.
A bolt of negative energy appears from out of thin air!
Deactivating autopickup; reactivate with Ctrl-A.
The bolt of negative energy hits you!!!!
You feel drained.
Ouch! That really hurt!
You die... )))))

.. #))) .# . #)))
..# .O###)))
..###.
...)))###).....
..))._))).).
#))))†# #§o<._#
#O@§..#
#o....D))_.)))).
....)§.)###p){)..
..)###)2) ☼)###.
.) #))) ..# #).).
.#


))))) .. D.)D..) You could see a meat beast (fast), 3 eight-headed meat hydras,
a fleshlord, a meat berserker (berserk) and 2 bags of meat.

Vanquished Creatures
  5 hell knights (D)
  Sigmund (D)
  17 hell beasts (D)
  Edmund (D)
  7 royal mummies (D)
  9 wraiths (D)
  9 great orbs of eyes (D)
  Harold (D)
  24 vampire knights (D)
  45 ogres (D)
  11 two-headed ogres (D)
  11 liches (D)
  7 hydras (D)
  5 phantoms (D)
  110 orcs (D)
  10 skeletal warriors (D)
  6 sea snakes (D)
279 creatures vanquished.

Notes
Turn   | Place    | Note
-------+----------+-------------------------------------------
     0 | D        | Found the +∞ Axe of Woe
     0 | D        | James the Djinni Warper began the quest for the Orb.
     0 | D        | James set off with the following spells memorised: Blink,
                  | Lesser Beckoning, Teleport Other, Manifold Assault, Vhi's
                  | Electric Charge.
     0 | D        | Reached XP level 1. HP: 18/18 MP: 0/0
     0 | D        | Noticed a bag of meat
     1 | D        | Noticed a meat berserker
     1 | D        | Noticed a bag of meat
     3 | D        | Became a worshipper of Makhleb the Destroyer
     6 | D        | Killed a meat berserker
     6 | D        | Noticed a bag of meat
     7 | D        | Reached skill level 15 in Dodging
     7 | D        | Reached XP level 2. HP: 40/40 MP: 0/0
     7 | D        | Reached XP level 3. HP: 46/46 MP: 0/0
     7 | D        | Learned a level 1 spell: Freeze
     7 | D        | Reached XP level 4. HP: 52/52 MP: 0/0
     7 | D        | Reached XP level 5. HP: 58/58 MP: 0/0
     7 | D        | Learned a level 2 spell: Ensorcelled Hibernation
     7 | D        | Reached XP level 6. HP: 64/64 MP: 0/0
     7 | D        | Reached XP level 7. HP: 69/69 MP: 0/0
     7 | D        | Learned a level 3 spell: Inner Flame
     7 | D        | Reached XP level 8. HP: 76/76 MP: 0/0
     7 | D        | Reached XP level 9. HP: 81/81 MP: 0/0
     7 | D        | Learned a level 3 spell: Ozocubu's Armour
     7 | D        | Reached XP level 10. HP: 87/87 MP: 0/0
     7 | D        | Reached XP level 11. HP: 93/93 MP: 0/0
     7 | D        | Learned a level 5 spell: Iskenderun's Battlesphere
     7 | D        | Reached XP level 12. HP: 99/99 MP: 0/0
     7 | D        | Killed a bag of meat
     7 | D        | Reached * piety under Makhleb
     8 | D        | Reached skill level 15 in Fighting
     8 | D        | Reached XP level 13. HP: 107/107 MP: 0/0
     8 | D        | Learned a level 5 spell: Borgnjor's Vile Clutch
     8 | D        | Noticed a meat berserker
     9 | D        | Killed a bag of meat
     9 | D        | Noticed a meat berserker
    10 | D        | Reached skill level 15 in Armour
    10 | D        | Noticed a meat berserker
    10 | D        | Noticed a bag of meat
    11 | D        | Noticed a bag of meat
    12 | D        | Killed a meat berserker
    12 | D        | Killed a bag of meat
    12 | D        | Reached ** piety under Makhleb
    12 | D        | Noticed a bag of meat
    13 | D        | Reached XP level 14. HP: 121/121 MP: 0/0
    13 | D        | Killed a meat berserker
    13 | D        | Killed a bag of meat
    13 | D        | Noticed a bag of meat
    14 | D        | Reached XP level 15. HP: 130/130 MP: 0/0
    14 | D        | Learned a level 6 spell: Sculpt Simulacrum
    14 | D        | Noticed a meat berserker
    15 | D        | Killed a meat berserker
    15 | D        | Reached *** piety under Makhleb
    15 | D        | Noticed a meat berserker
    16 | D        | Reached XP level 16. HP: 139/139 MP: 0/0
    16 | D        | Killed a meat berserker
    18 | D        | Noticed a meat berserker
    20 | D        | Noticed a destroyer
    20 | D        | Noticed a meat berserker
    21 | D        | Reached **** piety under Makhleb
    21 | D        | Noticed a meat berserker
    22 | D        | Reached XP level 17. HP: 149/149 MP: 0/0
    22 | D        | Learned a level 7 spell: Enfeeble
    22 | D        | Killed a meat berserker
    22 | D        | Reached ***** piety under Makhleb
    23 | D        | Reached skill level 27 in Axes
    23 | D        | Reached skill level 27 in Dodging
    24 | D        | Killed a meat berserker
    24 | D        | Killed a destroyer
    25 | D        | Reached skill level 27 in Fighting
    25 | D        | Reached skill level 27 in Armour
    25 | D        | Reached skill level 15 in Invocations
    25 | D        | Reached XP level 18. HP: 159/167 MP: 0/0
    25 | D        | Reached XP level 19. HP: 166/174 MP: 0/0
    25 | D        | Learned a level 6 spell: Dispersal
    26 | D        | Killed a meat berserker
    27 | D        | Reached ****** piety under Makhleb
    27 | D        | Noticed a meat berserker
    28 | D        | Killed a meat berserker
    29 | D        | Reached XP level 20. HP: 181/181 MP: 0/0
    29 | D        | Noticed a meat berserker
    30 | D        | Reached skill level 27 in Invocations
    30 | D        | Killed a meat berserker
    30 | D        | Killed a meat berserker
    30 | D        | Noticed a destroyer
    31 | D        | Reached skill level 27 in Spellcasting
    31 | D        | Reached skill level 27 in Conjurations
    31 | D        | Reached skill level 27 in Hexes
    31 | D        | Reached skill level 27 in Summonings
    31 | D        | Reached skill level 27 in Necromancy
    31 | D        | Reached skill level 27 in Translocations
    31 | D        | Reached skill level 27 in Fire Magic
    31 | D        | Reached skill level 27 in Ice Magic
    31 | D        | Reached skill level 27 in Air Magic
    31 | D        | Reached skill level 27 in Earth Magic
    31 | D        | Reached skill level 27 in Alchemy
    31 | D        | Reached skill level 15 in Evocations
    31 | D        | Reached XP level 21. HP: 187/187 MP: 0/0
    31 | D        | Learned a level 8 spell: Discord
    31 | D        | Killed a destroyer
    31 | D        | Noticed a destroyer
    32 | D        | Noticed a meat berserker
    33 | D        | Killed a meat berserker
    33 | D        | Noticed a large bag of meat
    33 | D        | Noticed a destroyer
    33 | D        | Noticed a large bag of meat
    34 | D        | Reached skill level 27 in Evocations
    34 | D        | Reached XP level 22. HP: 194/194 MP: 0/0
    34 | D        | Killed a destroyer
    34 | D        | Killed a large bag of meat
    35 | D        | Reached skill level 27 in Stealth
    35 | D        | Reached skill level 1 in Short Blades
    35 | D        | Reached skill level 1 in Long Blades
    35 | D        | Reached skill level 1 in Staves
    35 | D        | Reached skill level 1 in Ranged Weapons
    35 | D        | Reached skill level 1 in Throwing
    35 | D        | Reached skill level 1 in Shields
    35 | D        | Reached skill level 1 in Unarmed Combat
    35 | D        | Reached skill level 1 in Shapeshifting
    35 | D        | Killed a destroyer
    35 | D        | Killed a large bag of meat
    36 | D        | Reached XP level 23. HP: 201/201 MP: 0/0
    36 | D        | Learned a level 7 spell: Monstrous Menagerie
    40 | D        | Reached skill level 10 in Ranged Weapons
    40 | D        | Reached skill level 10 in Throwing
    40 | D        | Reached skill level 10 in Shapeshifting
    40 | D        | Noticed a destroyer
    41 | D        | Noticed a destroyer
    43 | D        | Reached XP level 24. HP: 106/208 MP: 0/0
    43 | D        | Killed a destroyer
    44 | D        | Reached skill level 15 in Shields
    44 | D        | Reached skill level 15 in Unarmed Combat
    45 | D        | Reached skill level 15 in Short Blades
    45 | D        | Reached skill level 15 in Long Blades
    45 | D        | Reached skill level 15 in Staves
    45 | D        | Killed a destroyer
    45 | D        | Noticed The Servant
    46 | D        | Reached skill level 15 in Ranged Weapons
    46 | D        | Reached skill level 15 in Shapeshifting
    46 | D        | Reached XP level 25. HP: 214/214 MP: 0/0
    46 | D        | Learned a level 8 spell: Infestation
    46 | D        | Noticed an accursed
    47 | D        | Noticed a destroyer
    47 | D        | Noticed a destroyer
    49 | D        | Killed The Servant
    49 | D        | Killed a destroyer
    50 | D        | Killed a destroyer
    51 | D        | Reached XP level 26. HP: 129/221 MP: 0/0
    52 | D        | Noticed a large bag of meat
    53 | D        | Killed an accursed
    53 | D        | Killed a large bag of meat
    55 | D        | Noticed a destroyer
    55 | D        | Noticed a destroyer
    57 | D        | Reached XP level 27. HP: 102/228 MP: 0/0
    57 | D        | Learned a level 9 spell: Chain Lightning
    57 | D        | Killed a destroyer
    57 | D        | Killed a destroyer
    59 | D        | Noticed a large bag of meat
    60 | D        | Reached skill level 27 in Shields
    60 | D        | Reached skill level 27 in Unarmed Combat
    62 | D        | Noticed a destroyer
    62 | D        | Noticed a meat beast
    62 | D        | Noticed a large bag of meat
    63 | D        | Killed a large bag of meat
    63 | D        | Killed a meat beast
    63 | D        | Noticed a meat beast
    63 | D        | Noticed a destroyer
    63 | D        | Noticed a meat beast
    64 | D        | Reached skill level 27 in Short Blades
    64 | D        | Reached skill level 27 in Long Blades
    64 | D        | Reached skill level 27 in Staves
    64 | D        | Reached skill level 27 in Ranged Weapons
    64 | D        | Reached skill level 27 in Throwing
    64 | D        | Reached skill level 27 in Shapeshifting
    64 | D        | Noticed an accursed
    64 | D        | Noticed a large bag of meat
    65 | D        | Noticed a tyrant
    66 | D        | Killed a destroyer
    66 | D        | Killed an accursed
    67 | D        | Killed a meat beast
    68 | D        | Killed a meat beast
    68 | D        | Noticed a dread
    68 | D        | Noticed an accursed
    69 | D        | Reached skill level 27 in Maces & Flails
    69 | D        | Reached skill level 27 in Polearms
    69 | D        | Noticed a destroyer
    70 | D        | Killed a large bag of meat
    71 | D        | Noticed a large bag of meat
    72 | D        | Killed a large bag of meat
    72 | D        | Killed a large bag of meat
    72 | D        | Noticed a large bag of meat
    73 | D        | Noticed a dread
    73 | D        | Killed a dread
    75 | D        | Noticed a large bag of meat
    75 | D        | Noticed a meat beast
    75 | D        | Noticed a meat beast
    76 | D        | Killed a tyrant
    76 | D        | Killed a dread
    77 | D        | Killed a meat beast
    77 | D        | Noticed a destroyer
    77 | D        | Noticed a large bag of meat
    78 | D        | Killed a meat beast
    78 | D        | Killed a large bag of meat
    78 | D        | Noticed a large bag of meat
    79 | D        | Killed a destroyer
    79 | D        | Killed a destroyer
    79 | D        | Noticed a destroyer
    79 | D        | Noticed a destroyer
    82 | D        | Killed a large bag of meat
    82 | D        | Killed an accursed
    82 | D        | Noticed a destroyer
    83 | D        | Killed a large bag of meat
    83 | D        | Killed a destroyer
    83 | D        | Killed a destroyer
    83 | D        | Noticed a tyrant
    84 | D        | Killed a large bag of meat
    84 | D        | Killed a tyrant
    84 | D        | Noticed a meat beast
    85 | D        | Killed a meat beast
    86 | D        | Noticed a meat beast
    86 | D        | Noticed a dread
    87 | D        | Killed a dread
    87 | D        | Killed a meat beast
    88 | D        | Noticed a meat beast
    88 | D        | Noticed a destroyer
    89 | D        | Killed a meat beast
    89 | D        | Killed a destroyer
    89 | D        | Noticed a tyrant
    90 | D        | Killed a destroyer
    90 | D        | Killed a tyrant
    91 | D        | Noticed a destroyer
    91 | D        | Noticed a tyrant
    91 | D        | Noticed a meat beast
    92 | D        | Killed a destroyer
    92 | D        | Killed a meat beast
    92 | D        | Killed a tyrant
    92 | D        | Noticed a destroyer
    93 | D        | Killed a destroyer
    93 | D        | Noticed an accursed
    93 | D        | Noticed The Captor
    94 | D        | Killed an accursed
    94 | D        | Killed The Captor
    94 | D        | Noticed a meat beast
    95 | D        | Noticed a dread
    96 | D        | Killed a dread
    96 | D        | Noticed a tyrant
    96 | D        | Noticed an accursed
    97 | D        | Killed a meat beast
    98 | D        | Killed an accursed
    98 | D        | Killed a tyrant
    99 | D        | Noticed a destroyer
    99 | D        | Noticed a meat beast
   100 | D        | Killed a meat beast
   100 | D        | Noticed a meat beast
   100 | D        | Noticed a tyrant
   100 | D        | Noticed a destroyer
   101 | D        | Killed a meat beast
   101 | D        | Killed a destroyer
   101 | D        | Killed a tyrant
   101 | D        | Killed a destroyer
   103 | D        | Noticed an accursed
   104 | D        | Killed an accursed
   104 | D        | Noticed a dread
   105 | D        | Killed a dread
   105 | D        | Noticed a tyrant
   105 | D        | Noticed a meat beast
   106 | D        | Killed a tyrant
   106 | D        | Killed a meat beast
   106 | D        | Noticed a meat beast
   111 | D        | Noticed a dread
   113 | D        | Killed a dread
   115 | D        | Noticed a tyrant
   116 | D        | Killed a tyrant
   116 | D        | Noticed a meat beast
   118 | D        | Killed a meat beast
   118 | D        | Noticed a tyrant
   119 | D        | Noticed a meat beast
   119 | D        | Noticed a destroyer
   120 | D        | Killed a destroyer
   120 | D        | Killed a tyrant
   121 | D        | Killed a meat beast
   121 | D        | Noticed a tyrant
   124 | D        | Killed a tyrant
   124 | D        | Killed a destroyer
   125 | D        | Noticed a fleshlord
   125 | D        | Noticed a fleshlord
   125 | D        | Noticed a destroyer
   125 | D        | Noticed a fleshlord
   126 | D        | Killed a fleshlord
   126 | D        | Killed a destroyer
   126 | D        | Noticed a dread
   127 | D        | Killed a fleshlord
   127 | D        | Killed a dread
   128 | D        | Killed a meat beast
   129 | D        | Noticed The Defiler
   130 | D        | Killed The Defiler
   130 | D        | Killed a fleshlord
   131 | D        | Noticed a fleshlord
   131 | D        | Noticed a dread
   132 | D        | Noticed a meat beast
   132 | D        | Noticed a tyrant
   132 | D        | Noticed a fleshlord
   132 | D        | Noticed a fleshlord
   133 | D        | Killed a fleshlord
   133 | D        | Killed a dread
   133 | D        | Killed a fleshlord
   133 | D        | Noticed a dread
   133 | D        | Noticed an accursed
   134 | D        | Killed a dread
   134 | D        | Killed an accursed
   134 | D        | Killed a meat beast
   134 | D        | Noticed a meat beast
   135 | D        | Killed a tyrant
   136 | D        | Noticed a fleshlord
   136 | D        | Killed from afar by a wretched soul

Illustrated notes

Levels and vault maps discovered:
D:        meatsprint

Skill      XL: |  1  2  3  4  5  6  7  8  9 10 11 12 13 14 15 16 17 18 19 20 21 22 23 24 25 26 27 |
---------------+----------------------------------------------------------------------------------+-----
Fighting       | 13 15 18 19 20 22 27 | 27.0
Axes           | 16 17 21 22 24 26 27 | 27.0
Armour         | 13 14 18 19 20 22 27 | 27.0
Dodging        | 15 16 19 21 22 24 27 | 27.0
Spellcasting   | 13 20 27 | 27.0
Conjurations   | 13 20 27 | 27.0
Hexes          | 13 20 27 | 27.0
Summonings     | 13 20 27 | 27.0
Necromancy     | 13 20 27 | 27.0
Translocations | 13 20 27 | 27.0
Fire Magic     | 13 20 27 | 27.0
Ice Magic      | 13 20 27 | 27.0
Air Magic      | 13 20 27 | 27.0
Earth Magic    | 13 20 27 | 27.0
Alchemy        | 13 20 27 | 27.0
Invocations    | 15 24 27 | 27.0
Evocations     | 15 27 | 27.0
Stealth        | 17 27 | 27.0
Short Blades   | 7 13 17 20 23 27 | 27.0
Long Blades    | 7 13 17 20 23 27 | 27.0
Staves         | 7 13 17 20 23 27 | 27.0
Ranged Weapons | 7 12 15 19 21 27 | 27.0
Throwing       | 7 12 16 19 21 27 | 27.0
Shields        | 8 14 18 22 25 27 | 27.0
Unarmed Combat | 8 14 18 22 25 27 | 27.0
Shapeshifting  | 7 12 15 19 21 27 | 27.0
Maces & Flails | 27 | 27.0
Polearms       | 27 | 27.0

Action                     |  1- 3 |  4- 6 |  7- 9 | 10-12 | 13-15 | 16-18 | 19-21 | 22-24 | 25-27 || total
---------------------------+-------+-------+-------+-------+-------+-------+-------+-------+-------++-------
  Melee: Executioner's axe |     1 |       |       |     1 |     4 |     5 |    19 |    21 |   199 ||   250
   Cast: Manifold Assault  |       |       |       |       |       |       |     5 |     6 |    51 ||    62
 Armour: Leather armour    |       |       |       |       |       |     1 |       |       |    46 ||    47
  Dodge: Dodged            |       |       |       |       |     1 |       |       |       |     8 ||     9
